 Dungeon Crawl Stone Soup version 0.27-a0-1188-g73eefd5def (webtiles) character file.

Game seed: 11140968887253511072

130 Glokmah the Bolt Thrower (level 5, -4/30 HPs)
             Began as a Kobold Arcane Marksman on May 21, 2021.
             Slain by an adder (5 damage)
             ... on level 2 of the Dungeon.
             The game lasted 00:06:55 (3345 turns).

Glokmah the Bolt Thrower (Kobold Arcane Marksman)   Turns: 3345, Time: 00:06:56

Health: -4/30      AC:  2    Str:  7    XL:     5   Next: 36%
Magic:  6/6        EV: 15    Int: 15    God:
Gold:   101        SH:  0    Dex: 16    Spells: 2/6 levels left

rFire    . . .     SeeInvis .   b - +0 rapier (speed)
rCold    . . .     Faith    .   (shield restricted)
rNeg     . . .     Spirit   .   e - +0 robe
rPois    .         Reflect  .   (no helmet)
rElec    .         Harm     .   (no cloak)
rCorr    .         Rampage  .   (no gloves)
Will     .....                  (no boots)
Stlth    ++........             (no amulet)
HPRegen  0.10/turn              (no ring)
MPRegen  0.10/turn              (no ring)

@: mighty, lethally poisoned (-4 -> -12), about to teleport
A: small, no large weapons, nightstalker 3, no potion heal 1
a: no special abilities


You were on level 2 of the Dungeon.
You visited 1 branch of the dungeon, and saw 3 of its levels.

You collected 101 gold pieces.

Inventory:

Hand Weapons
 a - a +0 hand crossbow
 b - a +0 rapier of speed (weapon)
Missiles
 d - 21 bolts
 l - 3 atropa-tipped darts (quivered)
 n - 3 boomerangs
Armour
 e - a +0 robe (worn)
 h - a +0 buckler
Jewellery
 f - a ring of ice
Scrolls
 g - a scroll of immolation {unknown}
 i - a scroll of identify {unknown}
 k - a scroll of teleportation
 m - a scroll of blinking {unknown}
Potions
 j - a potion of mutation


   Skills:
 + Level 2.2 Fighting
 * Level 4.2 Crossbows
 - Level 2.4 Dodging
 - Level 1.1 Spellcasting
 * Level 4.1 Hexes
 + Level 1.1 Fire Magic


You had 2 spell levels left.
You knew the following spells:

 Your Spells              Type           Power      Damage    Failure   Level
a - Corona                Hex            14%        N/A       4%          1
b - Inner Flame           Hex/Fire       8%         N/A       24%         3

Your spell library contained the following spells:

 Spells                   Type           Power      Damage    Failure   Level
 Slow                     Hex            13%        N/A       7%          2
 Portal Projectile        Hex/Tloc       14%        N/A       30%         3
 Cause Fear               Hex            6%         N/A       41%         4
 Leda's Liquefaction      Hex/Erth       3%         N/A       71%         4


Dungeon Overview and Level Annotations

Branches:
Dungeon (3/15)

Altars:


Innate Abilities, Weirdness & Mutations

You are small and have problems with some larger weapons.
You are completely attuned to the shadows.
Potions are less effective at restoring your health.


Message History

You are poisoned.
The adder poisons you!
You hit the adder but do no damage.
The adder is moderately wounded.
You feel sick. The adder bites you.
* * * LOW HITPOINT WARNING * * *
You are lethally poisoned!
The adder poisons you! The adder barely misses you.
It was a potion of mutation.
You feel extremely strange.
Your system partially rejects the healing effects of potions.
* * * LOW HITPOINT WARNING * * *
You feel sick. The adder closely misses you.
It was a potion of heal wounds.
Your system partially rejects the healing.
You feel much better.
You feel sick. The adder bites you.
You are more poisoned.
The adder poisons you!
You hit the adder.
The adder is severely wounded.
You feel sick. The adder bites you.
You miss the adder.
The adder is severely wounded.
You feel sick. The adder bites you.
* * * LOW HITPOINT WARNING * * *
It was a potion of might.
You feel very mighty all of a sudden.
* * * LOW HITPOINT WARNING * * *
You feel sick. The adder barely misses you. The adder closely misses you.
You miss the adder.
The adder is severely wounded.
* * * LOW HITPOINT WARNING * * *
You feel sick. The adder bites you.
* * * LOW HITPOINT WARNING * * *
You are more poisoned.
The adder poisons you!
As you read the scroll labelled MIRITI XAENGOS, it crumbles to dust.
You feel strangely unstable.
It was a scroll of teleportation.
* * * LOW HITPOINT WARNING * * *
You feel sick. The adder bites you.
You die...

############ ##### #.####
#..........# ##.>.####.##..
#.########.# #.............
#.#
##.###.#########....####.##..
#.#
#...............>..#####.###.
#.#
##.###.####.####.......<...#.
#.####.###.####.#
#.#.###.....##
#.#.............####.#.#
#.......
#.#.##.###.####.@S.....#
#.....## #)#.##.# #.#
#.##.....# #.....>.
#.#.##.###.# #.##.#...#
########
#..........####.##....##
#.... ###.##.......##.###.#.#
#.### #.#######.....# #.#.#
#.# #.# #..#### #.#.# #.# #.#
#..# #.#.#######.# ##.# #..#
#.#.........#


You could see an adder.

Vanquished Creatures
  4 gnolls (D:2)
  4 adders
  6 bats
  7 endoplasms
  4 giant cockroaches
  4 goblins (D:1)
  5 hobgoblins
  4 jackals (D:1)
  4 quokkas
  4 ball pythons
  2 frilled lizards (D:1)
  3 rats
51 creatures vanquished.

Notes
Turn   | Place    | Note
-------+----------+-------------------------------------------
     0 | D:1      | Glokmah the Kobold Arcane Marksman began the quest for the
                  | Orb.
     0 | D:1      | Reached XP level 1. HP: 12/12 MP: 2/2
   105 | D:1      | Reached XP level 2. HP: 16/16 MP: 3/3
   264 | D:1      | Found a faded altar of an unknown god.
   472 | D:1      | Reached XP level 3. HP: 20/20 MP: 4/4
   874 | D:1      | Learned a level 3 spell: Inner Flame
  1644 | D:2      | Reached XP level 4. HP: 26/26 MP: 5/5
  2618 | D:2      | Reached XP level 5. HP: 8/30 MP: 3/6
  2929 | D:2      | Reached skill level 1 in Fire Magic
  3339 | D:2      | Gained mutation: Potions are less effective at restoring
                  | your health. [potion of mutation]
  3345 | D:2      | HP: 1/30 [poisoned by an adder]
  3345 | D:2      | Slain by an adder

Illustrated notes

Levels and vault maps discovered:
D:1:      dpeg_arrival_fog, layout_basic,
          shapermc_ecumenical_altar_mp_urbaneastern, hex_intersection,
          minmay_misc_feat_roman, minmay_worlds_worst_comb
D:2:      layout_loops_ring
D:3:      layout_loops_corners, minmay_surrounded

Skill      XL: |  1  2  3  4  5 |
---------------+----------------+-----
Crossbows      | 3 4 |  4.2
Fighting       | 2 |  2.2
Hexes          | 4 |  4.1
Fire Magic     | 1 |  1.1
Dodging        | |  2.4
Spellcasting   | |  1.1

Action                   |  1- 3 |  4- 6 || total
-------------------------+-------+-------++-------
Melee: Dagger            |    11 |       ||    11
       Rapier            |     8 |    54 ||    62
 Fire: Hand crossbow     |    54 |    23 ||    77
 Cast: Inner Flame       |       |     3 ||     3
  Use: Potion            |       |     3 ||     3
       Scroll            |       |     1 ||     1
 Stab: Sleeping          |     2 |     3 ||     5
Armor: Robe              |     7 |     9 ||    16
Dodge: Dodged            |    39 |    45 ||    84

Table legend: (Time is in decaauts)
 A = Elapsed time spent in this place.
 B = Non-inter-level travel time spent in this place.
 C = Inter-level travel time spent in this place.
 D = Time resting spent in this place.
 E = Time spent auto-exploring this place.
 F = Levels seen in this place.
 G = Mean time per level.
                   A        B        C        D        E       F      G
               +--------+--------+--------+--------+--------+-----+--------+
         Total |   3357 |   3205 |    152 |    905 |   1509 |   3 | 1119.0 |
       Dungeon |   3357 |   3205 |    152 |    905 |   1509 |   3 | 1119.0 |
               +--------+--------+--------+--------+--------+-----+--------+

Top non-repeatable levels by time:
     D:2: 1702 daAuts
     D:1: 1466 daAuts
     D:3: 188 daAuts
